 Dungeon Crawl Stone Soup version 0.29-a0-577-gafbf2c5d25 (webtiles) character file.

Game seed: 3602468393821299260

53513 Crownlay the Thaumaturge (level 14, -4/108 HPs)
             Began as a Gnoll Ice Elementalist on June 12, 2022.
             Was a Follower of Uskayaw.
             Constricted to death by Jorgrun (11 damage)
             ... on level 9 of the Dungeon on June 13, 2022.
             The game lasted 00:55:53 (25892 turns).

Crownlay the Thaumaturge (Gnoll Ice Elementalist)  Turns: 25892, Time: 00:55:54

Health: -4/108     AC: 11    Str: 12    XL:     14   Next: 68%
Magic:  28/28      EV: 13    Int: 23    God:    Uskayaw [*.....]
Gold:   1580       SH:  0    Dex: 13    Spells: 14/34 levels left

rFire   . . .      SeeInvis +   e - +8 broad axe
rCold   + . .      Faith    +   (no shield)
rNeg    . . .      Spirit   .   H - +2 robe {Archmagi}
rPois   .          Reflect  .   d - +0 helmet
rElec   .          Harm     .   u - +1 cloak "Vudewk" {Will+ Str+4}
rCorr   .          Rampage  .   (no gloves)
Will    ++...      Archmagi +   h - +1 pair of boots of the Spheres {rC+ Int+4}
Stlth   ++++......              M - amulet of faith
HPRegen 0.28/turn               P - ring of wizardry
MPRegen 0.21/turn               k - ring of see invisible

@: grasped by roots, constricted
A: fangs 1, strong nose, distributed training
a: Renounce Religion, Stomp


You were on level 9 of the Dungeon.
You worshipped Uskayaw.
Uskayaw was aware of your devotion.
You visited 4 branches of the dungeon, and saw 18 of its levels.
You also visited: Bailey and Gauntlet.

You collected 1703 gold pieces.
You spent 123 gold pieces at shops.

Inventory:

Hand Weapons
 e - a +8 broad axe (weapon)
 v - a +2 whip of electrocution
Missiles
 n - 4 throwing nets
 B - 5 boomerangs (quivered)
Armour
 d - a +0 helmet (worn)
 h - the +1 pair of boots of the Spheres (worn) {rC+ Int+4}
   (You found it in a Gauntlet)

   Int:       It affects your intelligence (+4).
   rC:        It protects you from cold.
 u - the +1 cloak "Vudewk" (worn) {Will+ Str+4}
   (You found it in a Gauntlet)

   Str:       It affects your strength (+4).
   Will:      It increases your willpower.
 H - a +2 robe of the Archmagi (worn)
Jewellery
 k - a ring of see invisible (right hand)
 r - a ring of protection from cold
 y - a ring of ice
 M - an amulet of faith (around neck)
 P - a ring of wizardry (left hand)
Wands
 q - a wand of iceblast (14)
 s - a wand of flame (25)
 A - a wand of digging (5)
 G - a wand of polymorph (7)
 I - a wand of acid (2)
 L - a wand of paralysis (2)
Scrolls
 j - 2 scrolls of enchant armour
 m - 6 scrolls of teleportation
 o - 3 scrolls of amnesia
 p - a scroll of summoning
 w - a scroll of brand weapon {unknown}
 x - 2 scrolls of silence
 K - 3 scrolls of magic mapping
 N - 2 scrolls of vulnerability {unknown}
 O - a scroll of torment {unknown}
Potions
 a - a potion of berserk rage {unknown}
 b - 2 potions of magic
 c - 4 potions of curing
 f - a potion of attraction {unknown}
 g - a potion of ambrosia {unknown}
 i - 3 potions of mutation
 l - 4 potions of flight
 t - 3 potions of lignification {unknown}
 z - 5 potions of haste
 C - 4 potions of resistance
 D - 2 potions of brilliance {unknown}
 E - 2 potions of cancellation {unknown}
 F - 3 potions of might {unknown}


   Skills:
 + Level 9.4 Fighting
 + Level 9.4 Short Blades
 + Level 9.4 Long Blades
 + Level 9.4 Axes
 + Level 9.4 Maces & Flails
 + Level 9.4 Polearms
 + Level 9.4 Staves
 + Level 9.4 Slings
 + Level 9.4 Bows
 + Level 9.4 Crossbows
 + Level 9.4 Throwing
 + Level 9.4 Armour
 + Level 10.5 Dodging
 + Level 10.3 Stealth
 + Level 9.4 Shields
 + Level 9.4 Unarmed Combat
 + Level 10.7 Spellcasting
 + Level 7.9 Conjurations
 + Level 7.9 Hexes
 + Level 7.9 Summonings
 + Level 7.9 Necromancy
 + Level 7.9 Translocations
 + Level 7.9 Transmutations
 + Level 7.9 Fire Magic
 + Level 10.6 Ice Magic
 + Level 7.9 Air Magic
 + Level 7.9 Earth Magic
 + Level 7.9 Poison Magic
 + Level 10.3 Invocations
 + Level 9.4 Evocations


You had 14 spell levels left.
You knew the following spells:

 Your Spells              Type           Power      Damage    Failure   Level
a - Freeze                Ice            100%       1d11      1%          1
b - Frozen Ramparts       Ice            100%       1d12      1%          3
c - Ozocubu's Armour      Ice            75%        N/A       1%          3
d - Hailstorm             Conj/Ice       70%        3d15      1%          4
e - Animate Dead          Necr           64%        N/A       1%          4
f - Borgnjor's Vile Clut  Necr/Erth      32%        N/A       2%          5

Your spell library contained the following spells:

 Spells                   Type           Power      Damage    Failure   Level
 Sting                    Tmut/Pois      100%       1d8       1%          1
 Summon Small Mammal      Summ           100%       N/A       1%          1
 Blink                    Tloc           100%       N/A       1%          2
 Poisonous Vapours        Pois/Air       100%       N/A       1%          2
 Sublimation of Blood     Necr           64%        N/A       1%          2
 Wereblood                Tmut           64%        N/A       1%          2
 Call Canine Familiar     Summ           64%        N/A       1%          3
 Conjure Flame            Conj/Fire      64%        6-21      1%          3
 Gell's Gravitas          Tloc           64%        N/A       1%          3
 Ignite Poison            Fire/Tmut/Pois 64%        N/A       1%          3
 Lesser Beckoning         Tloc           64%        N/A       1%          3
 Summon Guardian Golem    Hex/Summ       64%        N/A       1%          3
 Teleport Other           Tloc           64%        N/A       1%          3
 Tukima's Dance           Hex            64%        N/A       1%          3
 Vampiric Draining        Necr           64%        2d10      1%          3
 Corpse Rot               Necr/Pois/Air  64%        N/A       1%          4
 Olgreb's Toxic Radiance  Pois           64%        N/A       1%          4
 Passage of Golubria      Tloc           64%        N/A       1%          4
 Sticky Flame             Conj/Fire      64%        2d8       1%          4
 Manifold Assault         Tloc           64%        N/A       2%          5
 Silence                  Hex/Air        32%        N/A       2%          5
 Yara's Violent Unravell  Hex/Tmut       32%        3d13      2%          5
 Death Channel            Necr           32%        N/A       12%         6
 Summon Hydra             Summ           32%        N/A       52%         7
 Lehudib's Crystal Spear  Conj/Erth      32%        10d8      99%         8


Dungeon Overview and Level Annotations

Branches:
Dungeon (10/15)            Temple (1/1) D:5            Lair (6/6) D:8
  Swamp (0/4) Lair:4        Snake (0/4) Lair:4        Slime (0/5) Lair:5
    Orc (1/2) D:9          Bailey (visited)         Gauntlet (visited)

Altars:
Ashenzari
Cheibriados
Dithmenos
Fedhas
Gozag
Hepliaklqana
Kikubaaqudgha
Makhleb
Nemelex Xobeh
Okawaru
Qazlal
Ru
Sif Muna
Trog
Uskayaw
Wu Jian
Xom
Jiyva

Shops:
D:1 (   D:6 *   D:7 *

Portals:
Hell: Lair:6

Annotations:
D:9 Jorgrun
Lair:4 3 runed translucent doors, Flugkiller's ghost, journeyman MeCK


Innate Abilities, Weirdness & Mutations

You have very sharp teeth.
Your uncanny sense of smell can sniff out nearby items.
Your experience applies equally to all skills.


Message History

The orc warrior closely misses you. The troll bites you!
The troll claws you but does no damage. x2; The orc warrior throws a boomerang.
The boomerang misses you.
Jorgrun hits you with a +0 vorpal quarterstaff.
You climb upwards.
Welcome back to the Dungeon!
Your orc sorcerer zombie crumbles into dust!
Your orc wizard zombie crumbles into dust!
Your orc zombie crumbles into dust!
Your orc warrior zombie crumbles into dust!
There is a staircase to the Orcish Mines here.
Okay, then.
Your reaping aura is weakening.
The troll closely misses you. The troll completely misses you.
The troll claws you! The orc warrior misses you.
The troll attacks as you move away! The troll bites you.
The troll misses you. x2
Jorgrun attacks as you move away!
Jorgrun hits you with a +0 vorpal quarterstaff!
The orc warrior hits you with a +0 dire flail!
Jorgrun attacks as you move away!
Jorgrun hits you with a +0 vorpal quarterstaff!
Jorgrun attacks as you move away!
Jorgrun hits you with a +0 vorpal quarterstaff!!
* * * LOW HITPOINT WARNING * * *
x2 Jorgrun casts a spell at you.
Roots burst forth from the earth!
The grasping roots grab you! The grasping roots constrict you!
* * * LOW HITPOINT WARNING * * *
As you read the scroll of fear, it crumbles to dust.
You assume a fearsome visage.
Jorgrun resists with almost no effort.
The troll looks frightened!
The orc warrior looks frightened!
The grasping roots constrict you.
* * * LOW HITPOINT WARNING * * *
You feel better.
The roots' grasp on you weakens, but your attempt to escape fails.
Your reaping aura expires.
Jorgrun hits you with a +0 vorpal quarterstaff!
* * * LOW HITPOINT WARNING * * *
x2 The grasping roots constrict you!
You die...

#........[.[())).....)###.....###
#.......#...###.......# ###...#
#.......##### #####...## #..##
#......^# #####...[.#####.#
###.....# #.[..[.8......#.#
#.....# #......T......#.#
#.....######.............#.#
#..........................#
###.....####..8.@g.o>.....8..#
........# ##...............##
........# ##.............##
........# #.............#
.##.<...# #......8......#
.#......##########.....#####
........##...######..###
........##..........##
........#....########


You could see Jorgrun, a troll (fleeing) and an orc warrior (fleeing).

Vanquished Creatures
  An orc warlord (Bailey)
  A minotaur (Gauntlet)
  A dire elephant (Lair:6)
  Harold (D:9)
  A hydra (Lair:2)
  The ghost of Roaleyf the Cruncher, a journeyman DsDe of Qazlal (Lair:1)
  3 catoblepae
  The ghost of dezertu the Sharpshooter, a journeyman SpHu of Dithmenos (D:9)
  A sixfirhy (Lair:6)
  2 bog bodies (Lair:4)
  A wizard (Lair:6)
  Pikel (D:4)
  An orc sorcerer (D:9)
  6 black mambas
  3 elephants (Lair:6)
  Joseph (D:8)
  An ice statue (Gauntlet)
  3 orange demons (Lair:6)
  Psyche (D:8)
  13 cane toads
  5 rime drakes
  A hellwing (Lair:6)
  8 komodo dragons
  A red devil (Lair:6)
  A slime creature (D:9)
  A troll (D:8)
  5 blink frogs (Lair:6)
  2 polar bears
  A raiju (Gauntlet)
  Sigmund (D:4)
  2 shadows (D:8)
  A wraith (D:8)
  7 wyverns
  15 yaks
  A hog (D:9)
  A basilisk (Lair:6)
  A two-headed ogre zombie (D:9)
  3 vampire mosquitoes
  2 nagas (Lair:4)
  A warg (D:9)
  19 water moccasins
  Duvessa (D:4)
  3 hell hounds (Lair:6)
  19 orc warriors
  3 sky beasts
  An ogre (D:6)
  5 black bears
  2 centaurs
  14 wolves
  A phantom (D:4)
  A lemure (D:4)
  4 kobold brigands
  A necrophage (D:6)
  7 bullfrogs
  4 scorpions
  A wyvern zombie (D:9)
  4 wights (D:9)
  Dowan (D:4)
  3 troll zombies (D:9)
  14 killer bees (D:9)
  4 electric eels (D:7)
  6 howler monkeys
  3 hounds
  9 jellies
  An orc priest (D:6)
  Jessica (D:3)
  3 iguanas
  Terence (D:2)
  8 orc wizards
  Natasha (thrice) (D:4)
  A lightning spire (Gauntlet)
  4 ogre zombies (D:9)
  10 gnolls (Bailey)
  9 adders
  A shadow imp (D:8)
  A white imp (D:6)
  A worm (D:4)
  11 dart slugs
  39 orcs
  7 bats
  6 endoplasms
  3 giant cockroaches
  24 goblins
  13 hobgoblins
  2 jackals (D:2)
  6 quokkas
  5 ball pythons
  4 frilled lizards
  A goblin skeleton (D:9)
  A goblin zombie (D:9)
  2 hobgoblin skeletons (D:9)
  3 hobgoblin zombies (D:9)
  31 kobolds
  2 orc skeletons (D:9)
  16 orc zombies (D:9)
  4 rats
458 creatures vanquished.

Vanquished Creatures (collateral kills)
  3 hydras (Lair:6)
  A catoblepas (Lair:6)
  2 black mambas
  An orange demon (Lair:6)
  4 cane toads
  5 komodo dragons
  3 polar bears
  A raiju (Gauntlet)
  A slime creature (D:9)
  A dream sheep (D:9)
  3 blink frogs (Lair:6)
  A wyvern (D:9)
  6 yaks
  A hog (D:9)
  A naga (Lair:4)
  4 water moccasins
  A hell hound (Lair:6)
  A black bear (D:9)
  8 wolves
  A hog zombie (D:9)
  A bullfrog (Lair:4)
  A water moccasin zombie (Lair:4)
  2 jellies (D:9)
  4 bushes
57 creatures vanquished.

Vanquished Creatures (others)
  4 black mamba zombies (Lair:6)
  4 cane toad zombies
  3 elephant zombies (Lair:6)
  4 blink frog zombies (Lair:6)
  A hog zombie (D:9)
  2 komodo dragon zombies (Lair:6)
  6 wyvern zombies
  5 water moccasin zombies
  A warg zombie (D:9)
  A yak zombie (D:9)
  2 raiju zombies (Gauntlet)
  A polar bear zombie (Lair:6)
  A wolf zombie (D:9)
  A bullfrog zombie (Lair:4)
  3 black bear zombies (D:9)
  An orc wizard (Orc:1)
  A dart slug (D:7)
  An orc zombie (Orc:1)
  A bush (Lair:6)
  44 fungi
  51 plants
138 creatures vanquished.

Grand Total: 653 creatures vanquished

Notes
Turn   | Place    | Note
-------+----------+-------------------------------------------
     0 | D:1      | Crownlay the Gnoll Ice Elementalist began the quest for the
                  | Orb.
     0 | D:1      | Reached XP level 1. HP: 13/13 MP: 6/6
   221 | D:1      | Reached XP level 2. HP: 19/19 MP: 5/7
   520 | D:1      | Found Gugoagr Hiet's Antique Weapon Emporium.
   848 | D:1      | Reached XP level 3. HP: 25/25 MP: 6/9
  1293 | D:2      | Reached skill level 5 in Spellcasting
  1301 | D:2      | Identified the +4 ring mail of Awuorig {Rampage rElec}
  1481 | D:2      | Reached skill level 1 in Invocations
  1636 | D:2      | Found a faded altar of an unknown god.
  1640 | D:2      | Reached skill level 1 in Fighting
  1640 | D:2      | Reached skill level 1 in Short Blades
  1640 | D:2      | Reached skill level 1 in Long Blades
  1640 | D:2      | Reached skill level 1 in Axes
  1640 | D:2      | Reached skill level 1 in Maces & Flails
  1640 | D:2      | Reached skill level 1 in Polearms
  1640 | D:2      | Reached skill level 1 in Staves
  1640 | D:2      | Reached skill level 1 in Slings
  1640 | D:2      | Reached skill level 1 in Bows
  1640 | D:2      | Reached skill level 1 in Crossbows
  1640 | D:2      | Reached skill level 1 in Throwing
  1640 | D:2      | Reached skill level 1 in Armour
  1640 | D:2      | Reached skill level 1 in Shields
  1640 | D:2      | Reached skill level 1 in Unarmed Combat
  1640 | D:2      | Reached skill level 1 in Evocations
  1684 | D:2      | Noticed Terence
  1724 | D:1      | Reached XP level 4. HP: 15/32 MP: 8/11
  1728 | D:1      | Learned a level 3 spell: Frozen Ramparts
  1732 | D:1      | Learned a level 3 spell: Ozocubu's Armour
  1985 | D:2      | Killed Terence
  2152 | D:2      | Reached skill level 1 in Conjurations
  2152 | D:2      | Reached skill level 1 in Hexes
  2152 | D:2      | Reached skill level 1 in Summonings
  2152 | D:2      | Reached skill level 1 in Necromancy
  2152 | D:2      | Reached skill level 1 in Translocations
  2152 | D:2      | Reached skill level 1 in Transmutations
  2152 | D:2      | Reached skill level 1 in Fire Magic
  2152 | D:2      | Reached skill level 1 in Air Magic
  2152 | D:2      | Reached skill level 1 in Earth Magic
  2152 | D:2      | Reached skill level 1 in Poison Magic
  2298 | D:3      | Reached XP level 5. HP: 15/37 MP: 7/12
  2477 | D:3      | Noticed Jessica
  2498 | D:3      | Killed Jessica
  2734 | D:3      | Found a broken altar of Ashenzari.
  3253 | D:4      | Noticed Sigmund
  3267 | D:4      | Killed Sigmund
  3268 | D:4      | Reached skill level 5 in Dodging
  3268 | D:4      | Reached XP level 6. HP: 44/44 MP: 1/14
  3478 | D:4      | Noticed Natasha
  3487 | D:4      | Killed Natasha
  3583 | D:4      | You fall into a shaft and drop 1 floor!
  3583 | D:5      | Entered Level 5 of the Dungeon
  3611 | D:5      | Reached XP level 7. HP: 50/50 MP: 12/15
  3970 | D:4      | Noticed Natasha
  3973 | D:4      | Killed Natasha
  3986 | D:4      | Reached skill level 5 in Stealth
  4163 | D:4      | Noticed Pikel
  4177 | D:4      | Killed Pikel
  4178 | D:4      | Reached XP level 8. HP: 14/58 MP: 8/17
  4629 | D:4      | Noticed Duvessa
  4632 | D:4      | Noticed Dowan
  4637 | D:4      | Killed Duvessa
  4650 | D:4      | Killed Dowan
  4765 | D:4      | Noticed Natasha
  4777 | D:4      | Killed Natasha
  5215 | D:5      | Found a staircase to the Ecumenical Temple.
  5251 | Temple   | Entered the Ecumenical Temple
  5337 | Temple   | Became a worshipper of Uskayaw the Reveller
  5467 | D:5      | Reached * piety under Uskayaw
  5653 | D:6      | Found Kuownape's Fire Supplies.
  5659 | D:6      | Bought a scroll of immolation for 52 gold pieces
  5709 | D:6      | Reached ** piety under Uskayaw
  5715 | D:6      | Reached *** piety under Uskayaw
  6055 | D:6      | Reached XP level 9. HP: 36/65 MP: 9/18
  6940 | D:6      | Found a bloodstained altar of Trog.
  7417 | D:7      | Found an opulent altar of Gozag.
  7423 | D:7      | Found a shimmering altar of Xom.
  7636 | D:7      | Reached **** piety under Uskayaw
  7785 | D:7      | Found Maofij's General Store.
  7796 | D:7      | Bought a scroll of identify for 26 gold pieces
  7796 | D:7      | Bought a scroll of magic mapping for 45 gold pieces
  8419 | D:7      | Learned a level 4 spell: Hailstorm
  9314 | D:8      | Noticed Joseph
  9325 | D:8      | Killed Joseph
  9326 | D:8      | Reached skill level 5 in Invocations
  9342 | D:8      | Found a flagged portal.
  9409 | Bailey   | Entered a bailey
  9602 | Bailey   | Reached ***** piety under Uskayaw
  9605 | Bailey   | Reached XP level 10. HP: 59/73 MP: 15/20
  9757 | Bailey   | Reached skill level 5 in Fighting
  9757 | Bailey   | Reached skill level 5 in Short Blades
  9757 | Bailey   | Reached skill level 5 in Long Blades
  9757 | Bailey   | Reached skill level 5 in Axes
  9757 | Bailey   | Reached skill level 5 in Maces & Flails
  9757 | Bailey   | Reached skill level 5 in Polearms
  9757 | Bailey   | Reached skill level 5 in Staves
  9757 | Bailey   | Reached skill level 5 in Slings
  9757 | Bailey   | Reached skill level 5 in Bows
  9757 | Bailey   | Reached skill level 5 in Crossbows
  9757 | Bailey   | Reached skill level 5 in Throwing
  9757 | Bailey   | Reached skill level 5 in Armour
  9757 | Bailey   | Reached skill level 5 in Shields
  9757 | Bailey   | Reached skill level 5 in Unarmed Combat
  9757 | Bailey   | Reached skill level 5 in Evocations
 10130 | Bailey   | Noticed an orc warlord
 10153 | Bailey   | Killed an orc warlord
 10500 | Bailey   | Reached skill level 5 in Conjurations
 10500 | Bailey   | Reached skill level 5 in Hexes
 10500 | Bailey   | Reached skill level 5 in Summonings
 10500 | Bailey   | Reached skill level 5 in Necromancy
 10500 | Bailey   | Reached skill level 5 in Translocations
 10500 | Bailey   | Reached skill level 5 in Transmutations
 10500 | Bailey   | Reached skill level 5 in Fire Magic
 10500 | Bailey   | Reached skill level 5 in Air Magic
 10500 | Bailey   | Reached skill level 5 in Earth Magic
 10500 | Bailey   | Reached skill level 5 in Poison Magic
 10500 | Bailey   | Reached XP level 11. HP: 83/83 MP: 21/23
 10818 | D:8      | Found a shimmering blue altar of Sif Muna.
 11274 | D:8      | Found a staircase to the Lair.
 11685 | D:9      | Noticed Psyche
 11685 | D:9      | Noticed Harold
 11721 | D:8      | Killed Psyche
 11879 | D:9      | Reached ****** piety under Uskayaw
 11882 | D:9      | Killed Harold
 11883 | D:9      | HP: 3/83 [troll (6)]
 12244 | D:8      | Reached XP level 12. HP: 51/89 MP: 18/24
 13322 | D:9      | Found a staircase to the Orcish Mines.
 13707 | D:9      | Found a runed translucent gate.
 13707 | D:9      | Found a runed translucent gate.
 13707 | D:9      | Noticed dezertu's ghost (journeyman SpHu)
 13708 | D:9      | Found a runed translucent gate.
 13733 | D:9      | Found a huge runed translucent gate.
 13733 | D:9      | Found a huge runed translucent gate.
 13733 | D:9      | Found a huge runed translucent gate.
 13733 | D:9      | Found a huge runed translucent gate.
 13950 | D:9      | Found a viscous altar of Jiyva.
 14019 | D:9      | Learned a level 4 spell: Animate Dead
 14329 | D:9      | Killed dezertu's ghost
 14399 | D:9      | Learned a level 5 spell: Borgnjor's Vile Clutch
 14413 | D:10     | Entered Level 10 of the Dungeon
 14459 | Lair:1   | Entered Level 1 of the Lair of Beasts
 14520 | Lair:1   | Found a gate leading to a gauntlet.
 14529 | Gauntlet | Entered a Gauntlet
 14529 | Gauntlet | Found a transporter.
 14529 | Gauntlet | Found a transporter.
 14662 | Gauntlet | Found a transporter.
 14662 | Gauntlet | Found a transporter.
 14662 | Gauntlet | Found a transporter.
 14675 | Gauntlet | Noticed a blizzard demon
 14676 | Gauntlet | Found a transporter.
 14676 | Gauntlet | Found a transporter.
 14678 | Gauntlet | Noticed a quicksilver ooze
 14686 | Gauntlet | Found a transporter.
 14729 | Gauntlet | Found a transporter.
 14787 | Gauntlet | Found a transporter.
 14791 | Gauntlet | Found a transporter.
 14803 | Gauntlet | Found a transporter.
 14811 | Gauntlet | Upgraded the game from 0.29-a0-575-g0dc89cf053 to
                  | 0.29-a0-577-gafbf2c5d25
 15850 | Gauntlet | Identified the +1 cloak "Vudewk" {Will+ Str+4}
 15885 | Gauntlet | Identified the +1 pair of boots of the Spheres {rC+ Int+4}
 15916 | Gauntlet | Noticed a minotaur
 15924 | Gauntlet | Killed a minotaur
 15925 | Gauntlet | Reached XP level 13. HP: 40/98 MP: 12/26
 16157 | Gauntlet | Got the Reference Book on Unholy Rituals
 16599 | Lair:1   | Found a runed translucent gate.
 16603 | Lair:1   | Found a runed translucent gate.
 16603 | Lair:1   | Found a runed translucent gate.
 16604 | Lair:1   | Noticed Roaleyf's ghost (journeyman DsDe)
 16782 | Lair:1   | Killed Roaleyf's ghost
 19302 | Lair:3   | Reached skill level 10 in Ice Magic
 20193 | Lair:4   | Found a staircase to the Swamp.
 20882 | Lair:4   | Found a runed translucent gate.
 20888 | Lair:4   | Found a runed translucent gate.
 20889 | Lair:4   | Found a runed translucent gate.
 20900 | Lair:4   | Found a staircase to the Snake Pit.
 21336 | Lair:4   | Noticed Flugkiller's ghost (journeyman MeCK)
 21844 | Lair:5   | Reached skill level 10 in Spellcasting
 22122 | Lair:5   | Found a staircase to the Slime Pits.
 22634 | Lair:6   | Entered Level 6 of the Lair of Beasts
 22668 | Lair:6   | Reached skill level 10 in Dodging
 22668 | Lair:6   | Reached XP level 14. HP: 68/106 MP: 16/28
 23078 | Lair:6   | Reached skill level 10 in Stealth
 23476 | Lair:6   | Reached skill level 10 in Invocations
 24098 | Lair:6   | Identified the +0 chain mail of Samm {Stlth+}
 24738 | Lair:6   | Noticed a dire elephant
 24759 | Lair:6   | Killed a dire elephant
 24991 | Lair:6   | Found a burning altar of Makhleb.
 25136 | Lair:6   | Found a gateway to Hell.
 25491 | Orc:1    | Entered Level 1 of the Orcish Mines
 25491 | Orc:1    | Noticed Jorgrun
 25492 | Orc:1    | Paralysed by an orc sorcerer for 4 turns
 25497 | Orc:1    | HP: 1/108 [orc sorcerer/bolt of fire (29)]
 25892 | D:9      | Constricted to death by Jorgrun

Illustrated notes

Levels and vault maps discovered:
D:1:      amcnicky_arrival_feature_with_door, layout_loops_corners,
          serial_shops, shop, amethyst_killhole, minmay_misc_feat_encased,
          chequers_garden
D:2:      layout_rooms, hellmonk_ecumenical_altar_slurped_away, uniq_terence
D:3:      layout_basic, amcnicky_altar_gilded, uniq_jessica
D:4:      layout_basic, uniq_pikel, uniq_natasha, uniq_duvessa, uniq_sigmund
D:5:      layout_rooms, temple_green
D:6:      layout_cave_pods, general_overflow_altar, nicolae_shop_fire_sale
          [nicolae_sub_dead_trees]
D:7:      kennysheep_slugbush, layout_loops_ring, jmf_multi_god_temple,
          serial_shops, shop
D:8:      layout_basic, mainiacjoe_overflow_24_doors, lair_entry_dummy,
          enter_bailey_5, uniq_joseph
D:9:      lemuel_bear_cage, layout_cross, zombieorc2_lemuel,
          gammafunk_ghost_ooze, minmay_tree_intersection, uniq_psyche,
          uniq_harold
D:10:     layout_cave_pools, kennysheep_mini, uniq_grum, uniq_urug
Temple:   lightli_temple_of_artemis
Lair:1:   layout_hall_layers, gauntlet_entry_generic, ebering_ghost_rock_garden
Lair:2:   layout_roguey
Lair:3:   layout_long_grid, chequers_serial_rivers_room_a,
          chequers_serial_rivers_micro_c, grunt_megastairs_3
Lair:4:   layout_misc_corridors, skrybe_swamp_entry_bodies,
          guppyfry_snake_entry_island, gammafunk_ghost_split
Lair:5:   layout_regular_city, minmay_slime_entry_pillars,
          infiniplex_staircase_pool
Lair:6:   evil_forest, layout_small_grid
Orc:1:    layout_caves, trog_butcher_becter, uniq_jorgrun, uniq_sonja

Skill      XL: |  1  2  3  4  5  6  7  8  9 10 11 12 13 14 |
---------------+-------------------------------------------+-----
Spellcasting   | 5 6 7 8 9 10 | 10.7
Invocations    | 1 2 3 4 5 7 8 9 10 | 10.3
Fighting       | 1 2 3 4 6 7 8 9 |  9.4
Short Blades   | 1 2 3 4 6 7 8 9 |  9.4
Long Blades    | 1 2 3 4 6 7 8 9 |  9.4
Axes           | 1 2 3 4 6 7 8 9 |  9.4
Maces & Flails | 1 2 3 4 6 7 8 9 |  9.4
Polearms       | 1 2 3 4 6 7 8 9 |  9.4
Staves         | 1 2 3 4 6 7 8 9 |  9.4
Slings         | 1 2 3 4 6 7 8 9 |  9.4
Bows           | 1 2 3 4 6 7 8 9 |  9.4
Crossbows      | 1 2 3 4 6 7 8 9 |  9.4
Throwing       | 1 2 3 4 6 7 8 9 |  9.4
Armour         | 1 2 3 4 6 7 8 9 |  9.4
Shields        | 1 2 3 4 6 7 8 9 |  9.4
Unarmed Combat | 1 2 3 4 6 7 8 9 |  9.4
Evocations     | 1 2 3 4 6 7 8 9 |  9.4
Conjurations   | 1 2 3 4 5 6 7 |  7.9
Hexes          | 1 2 3 4 5 6 7 |  7.9
Summonings     | 1 2 3 4 5 6 7 |  7.9
Necromancy     | 1 2 3 4 5 6 7 |  7.9
Translocations | 1 2 3 4 5 6 7 |  7.9
Transmutations | 1 2 3 4 5 6 7 |  7.9
Fire Magic     | 1 2 3 4 5 6 7 |  7.9
Air Magic      | 1 2 3 4 5 6 7 |  7.9
Earth Magic    | 1 2 3 4 5 6 7 |  7.9
Poison Magic   | 1 2 3 4 5 6 7 |  7.9
Dodging        | 5 6 8 9 10 | 10.5
Stealth        | 5 6 7 8 9 10 | 10.3
Ice Magic      | 8 9 10 | 10.6

Action                   |  1- 3 |  4- 6 |  7- 9 | 10-12 | 13-15 || total
-------------------------+-------+-------+-------+-------+-------++-------
Melee: Unarmed           |     1 |       |       |     2 |       ||     3
       Club              |     5 |       |       |       |       ||     5
       Mace              |     6 |     8 |       |       |       ||    14
       Bite              |     3 |     3 |    21 |    31 |    43 ||   101
       Punch             |     1 |       |     3 |    15 |    19 ||    38
       Flail             |       |    23 |   174 |    27 |       ||   224
       Dagger            |       |     2 |       |       |       ||     2
       War axe           |       |       |       |     9 |       ||     9
       Broad axe         |       |       |       |   200 |   255 ||   455
       Whip              |       |       |       |       |    10 ||    10
Throw: Boomerang         |       |       |    13 |     7 |    25 ||    45
 Cast: Freeze            |    51 |    32 |    21 |       |     7 ||   111
       Frozen Ramparts   |       |     8 |    33 |    34 |    32 ||   107
       Ozocubu's Armour  |       |     5 |    20 |    25 |    27 ||    77
       Hailstorm         |       |       |     9 |     7 |    18 ||    34
       Animate Dead      |       |       |       |     5 |    19 ||    24
       Borgnjor's Vile C |       |       |       |       |    11 ||    11
  Use: Scroll            |       |       |     8 |    11 |     8 ||    27
       Potion            |       |       |       |    11 |     2 ||    13
 Stab: Sleeping          |       |     1 |     6 |       |     3 ||    10
       Distracted        |       |       |     1 |     3 |     4 ||     8
       Paralysed         |       |       |     4 |    30 |    26 ||    60
       Petrifying        |       |       |       |       |     1 ||     1
       Petrified         |       |       |       |       |     1 ||     1
Armor: Robe              |    12 |    16 |    71 |   115 |   129 ||   343
Dodge: Dodged            |    45 |    44 |   144 |   307 |   248 ||   788

Table legend: (Time is in decaauts)
 A = Elapsed time spent in this place.
 B = Non-inter-level travel time spent in this place.
 C = Inter-level travel time spent in this place.
 D = Time resting spent in this place.
 E = Time spent auto-exploring this place.
 F = Levels seen in this place.
 G = Mean time per level.
                   A        B        C        D        E       F      G
               +--------+--------+--------+--------+--------+-----+--------+
         Total |  26086 |  25122 |    964 |   1365 |  19387 |  20 | 1304.3 |
       Dungeon |  13932 |  13257 |    675 |    219 |  10854 |  10 | 1393.2 |
        Temple |     97 |     87 |     10 |      0 |     76 |   1 |   97.0 |
          Lair |   9202 |   8925 |    277 |    555 |   6970 |   6 | 1533.7 |
  Orcish Mines |      9 |      9 |      0 |      0 |      0 |   1 |    9.0 |
        Bailey |   1147 |   1147 |      0 |      0 |    941 |   1 | 1147.0 |
      Gauntlet |   1696 |   1696 |      0 |    591 |    546 |   1 | 1696.0 |
               +--------+--------+--------+--------+--------+-----+--------+

Top non-repeatable levels by time:
     D:8: 3106 daAuts
  Lair:6: 2775 daAuts
  Lair:3: 2199 daAuts
     D:7: 1971 daAuts
     D:4: 1708 daAuts
Gauntlet: 1696 daAuts
     D:6: 1692 daAuts
     D:9: 1535 daAuts
     D:1: 1512 daAuts
  Lair:4: 1299 daAuts
  Lair:2: 1235 daAuts
  Bailey: 1147 daAuts
  Lair:5: 906 daAuts
     D:5: 835 daAuts
     D:3: 808 daAuts
